 Dungeon Crawl Stone Soup version 0.23.1 (webtiles) character file.

Game seed: 289736429190803999

110 LostNumber the Vexing (level 4, -3/35 HPs)
             Began as a Demigod Enchanter on Mar 12, 2019.
             Slain by Sigmund
             ... wielding a +4 vampiric scythe
              (5 damage)
             ... on level 2 of the Dungeon.
             The game lasted 00:04:48 (2434 turns).

LostNumber the Vexing (Demigod Enchanter)           Turns: 2434, Time: 00:04:49

Health: -3/35      AC:  5    Str: 13    XL:     4   Next: 35%
Magic:  10/10      EV: 11    Int: 24    God:
Gold:   129        SH:  0    Dex: 16    Spells: 1/7 levels left

rFire    . . .     SeeInvis .   a - +1 dagger
rCold    . . .     Gourm    .   (no shield)
rNeg     . . .     Faith    .   g - +0 ring mail
rPois    .         Spirit   .   (no helmet)
rElec    .         Reflect  .   (no cloak)
rCorr    .         Harm     .   (no gloves)
MR       .....                  (no boots)
Stlth    ..........             (no amulet)
HPRegen  0.11/turn              (no ring)
MPRegen  0.12/turn              (no ring)

@: confused, brilliant, very slightly contaminated, invisible
A: high mp 1
a: no special abilities


You were on level 2 of the Dungeon.
You were not hungry.

You visited 1 branch of the dungeon, and saw 2 of its levels.

You collected 129 gold pieces.

Inventory:

Hand Weapons
 a - a +1 dagger (weapon)
Armour
 b - a +0 robe
 g - a +0 ring mail (worn)
   (You found it on level 1 of the Dungeon)
Scrolls
 i - a scroll of remove curse {unknown}
 l - 4 scrolls of identify {unknown}
 m - a scroll of magic mapping {unknown}
Potions
 d - a potion of heal wounds {unknown}
 f - a potion of flight {unknown}
 h - 2 potions of curing {unknown}
 j - a potion of brilliance
Comestibles
 c - 2 chunks of flesh
 e - 2 rations {!d}


   Skills:
 + Level 1.1 Fighting
 * Level 2.1 Short Blades
 + Level 2.3 Dodging
 - Level 2.6 Stealth
 + Level 2.3 Spellcasting
 * Level 3.5 Hexes


You had one spell level left.
You knew the following spells:

 Your Spells              Type           Power        Failure   Level  Hunger
a - Corona                Hex            ####...      1%          1    None
c - Confuse               Hex            ####....     2%          3    ###....
x - Ensorcelled Hibernat  Hex/Ice        ####..       2%          2    ##.....

Your spell library contained the following spells:

 Spells                   Type           Power        Failure   Level  Hunger
 Tukima's Dance           Hex            ####....     2%          3    ###....
 Dazzling Spray           Conj/Hex       ####..       4%          3    ###....


Dungeon Overview and Level Annotations

Branches:
Dungeon (2/15)

Annotations:
D:2 Sigmund


Innate Abilities, Weirdness & Mutations

You have an increased reservoir of magic. (+10% MP)


Message History

No target in view!
No target in view!
Unknown command.
Sigmund the Dreaded comes into view.
He is wielding a +4 vampiric scythe.
Sigmund shouts!
A bat comes into view.
Sigmund points at you and mumbles some strange words.
The magic dart hits you. The bat barely misses you.
You closely miss the bat. The bat hits you but does no damage.
Unknown command.
The bat hits you but does no damage. Sigmund barely misses you.
You hit the bat.
You kill the bat!
Sigmund casts a spell at you.
You are confused.
You're too confused to move!
Sigmund says, "Now you see me, now you don't..."
Sigmund closely misses you.
You bump into the rock wall.
Unknown command.
You bump into the rock wall.
Sigmund hits you from afar with a +4 vampiric scythe!
* * * LOW HITPOINT WARNING * * *
Sigmund barely misses you.
Unknown command.
You bump into the rock wall.
You feel less confused.
Sigmund hits you from afar with a +4 vampiric scythe!
* * * LOW HITPOINT WARNING * * *
Sigmund gestures at you while chanting.
You are confused.
You're too confused to move!
Unknown command.
You bump into the rock wall.
Sigmund gestures at you while chanting. You resist with some effort.
Unknown command.
It was a potion of brilliance.
You feel clever all of a sudden. Sigmund misses you.
It was a potion of invisibility.
You fade into invisibility!
You are very lightly contaminated with residual magic.
Unknown command.
You bump into the rock wall.
Sigmund closely misses you.
Unknown command.
You bump into the rock wall.
Sigmund hits you from afar with a +4 vampiric scythe.
You die...

..# ###.### #........
..###########.# #######)#
..............#### #.#
........####..##.. #.#
........####..##.# #.#
..####..##.÷..##†# ###.# ..#
#..##.##.##@# #...# ..#
#..##.##.##.# #.### ..#
#........##@## #.#
..####............####### #.#
.....#####.#####........# #.#
......# #.# ##.#####.#####.#
.#.#..####.######.##..........#
.........#...........##.#######
...#..##.########.#####.#
......##.# #.......# ....#.##.#
#########


You could see Sigmund.

Vanquished Creatures
  Terence (D:2)
  A howler monkey zombie (D:2)
  2 adders
  2 worms (D:2)
  3 dart slugs
  A leopard gecko (D:1)
  4 giant cockroaches
  A goblin (D:2)
  7 hobgoblins
  4 jackals
  2 kobolds (D:1)
  A quokka (D:2)
  9 bats
  3 frilled lizards
  5 rats (D:1)
46 creatures vanquished.

Notes
Turn   | Place    | Note
-------+----------+-------------------------------------------
     0 | D:1      | LostNumber the Demigod Enchanter began the quest for the
                  | Orb.
     0 | D:1      | Reached XP level 1. HP: 14/14 MP: 5/5
   274 | D:1      | Reached XP level 2. HP: 13/22 MP: 7/7
   400 | D:1      | Learned a level 2 spell: Ensorcelled Hibernation
   426 | D:1      | Reached skill level 3 in Hexes
   441 | D:1      | Reached skill level 1 in Short Blades
   840 | D:1      | Found a glowing golden altar of the Shining One.
   977 | D:1      | Reached XP level 3. HP: 15/27 MP: 1/8
  1417 | D:2      | Noticed Terence
  1466 | D:2      | Killed Terence
  1466 | D:2      | Reached skill level 1 in Fighting
  1466 | D:2      | Reached XP level 4. HP: 3/35 MP: 5/10
  1898 | D:2      | Learned a level 3 spell: Confuse
  2057 | D:2      | Found a shimmering altar of Xom.
  2057 | D:2      | Found a stormy altar of Qazlal.
  2058 | D:2      | Found a hide-covered altar of Uskayaw.
  2415 | D:2      | Noticed Sigmund
  2427 | D:2      | HP: 1/35 [Sigmund/+4 vampiric scythe (9)]
  2434 | D:2      | Slain by Sigmund

Skill      XL: |  1  2  3  4 |
---------------+-------------+-----
Hexes          | 3 |  3.5
Dodging        | 2 |  2.3
Short Blades   | 1 2 |  2.1
Spellcasting   | 2 |  2.3
Fighting       | 1 |  1.1
Stealth        | |  2.6

Action                   |  1- 3 |  4- 6 || total
-------------------------+-------+-------++-------
Melee: Dagger            |   162 |    74 ||   236
 Cast: Ensorcelled Hiber |     8 |     9 ||    17
       Corona            |     1 |       ||     1
  Use: Potion            |       |     2 ||     2
 Stab: Sleeping          |     7 |     4 ||    11
  Eat: Chunk             |     2 |     1 ||     3
       Ration            |       |     1 ||     1
Armor: Robe              |     5 |       ||     5
       Ring mail         |    54 |    36 ||    90
Dodge: Dodged            |   112 |    78 ||   190
